 Dungeon Crawl Stone Soup version 0.18-a0-1180-g64ccc1e (webtiles) character file.

7609 gorblad the Blocker (level 10, -8/88 HPs)
             Began as a Minotaur Fighter on Jan 27, 2016.
             Was a Believer of Elyvilon.
             Mangled by a 13-headed hydra (10 damage)
             ... on level 1 of the Lair of Beasts.
             The game lasted 00:24:30 (8063 turns).

gorblad the Blocker (Minotaur Fighter)              Turns: 8063, Time: 00:24:30

Health: -8/88      AC: 25    Str: 35    XL:     10   Next: 98%
Magic:  9/9        EV: 18    Int:  2    God:    Elyvilon [**....]
Gold:   609        SH: 19    Dex: 15    Spells: 0 memorised, 9 levels left

rFire  . . .     SeeInvis +     r - +1 long sword (protect)
rCold  + . .     Gourm    .     o - +8 chain mail of the Storm King {rC+ Str+7 Int-3 SInv}
rNeg   . . .     Faith    .     c - +5 shield
rPois  .         Spirit   .     (helmet restricted)
rElec  .         Dismiss  .     (no cloak)
rCorr  .         Reflect  .     (no gloves)
SustAt .         Harm     .     N - +0 pair of boots
MR     .....                    e - amulet of regeneration
Stlth  ..........               (no ring)
                                h - +4 ring of strength

@: agile, not resistant to hostile enchantments, extremely unstealthy
A: retaliatory headbutt, horns 2
a: Lesser Healing, Heal Other, Divine Protection, Renounce Religion


You were on level 1 of the Lair of Beasts.
You worshipped Elyvilon.
Elyvilon was pleased with you.
You were not hungry.

You visited 3 branches of the dungeon, and saw 11 of its levels.

You collected 657 gold pieces.
You spent 48 gold pieces at shops.

Inventory:

Hand Weapons
 r - a +1 long sword of protection (weapon)
Armour
 c - a +5 shield (worn)
 o - the +8 chain mail of the Storm King (worn) {rC+ Str+7 Int-3 SInv}
   (You found it on level 5 of the Dungeon)

   It affects your strength (+7).
   It affects your intelligence (-3).
   It protects you from cold.
   It lets you see invisible.
 N - a +0 pair of boots (worn)
Jewellery
 e - an amulet of regeneration (around neck)
 h - a +4 ring of strength (left hand)
Wands
 w - a wand of magic darts (18/48)
Scrolls
 a - 2 scrolls of identify
 j - 2 scrolls of recharging
 t - 2 scrolls of magic mapping
 y - 3 scrolls of remove curse
 H - a scroll of teleportation
Potions
 i - 3 potions of brilliance
 l - a potion of agility
 F - a potion of flight
 K - a potion of magic
Books
 n - the Guide on Aerial Arcane Weapons
   (You found it on level 5 of the Dungeon)

   Spells                             Type                      Level
   a - Sticky Flame                   Conjuration/Fire             4
   b - Summon Lightning Spire         Summoning/Air                4
   c - Freezing Cloud                 Conjuration/Ice/Air          6
   d - Conjure Ball Lightning         Conjuration/Air              6
 G - a book of Ice

   Spells                             Type                      Level
   a - Ice Form                       Ice/Transmutation            4
   b - Metabolic Englaciation         Hexes/Ice                    5
   c - Ozocubu's Refrigeration        Ice                          6
   d - Bolt of Cold                   Conjuration/Ice              6
   e - Freezing Cloud                 Conjuration/Ice/Air          6
   f - Simulacrum                     Ice/Necromancy               6
Miscellaneous
 D - a plain deck of war {the Elixir}
Comestibles
 f - 13 bread rations
 m - 2 beef jerkies
 q - 4 slices of pizza
 s - 7 meat rations
 x - 13 fruits
 J - 4 royal jellies


   Skills:
 + Level 7.8 Fighting
 * Level 10.5 Long Blades
   Level 2.8 Axes
 + Level 8.3 Armour
 + Level 7.1 Dodging
 + Level 0.1 Stealth
 + Level 11.7 Shields


You had 9 spell levels left.
You didn't know any spells.

Dungeon Overview and Level Annotations

Branches:
Dungeon (9/15)             Temple (1/1) D:7            Lair (1/8) D:9
    Orc: D:9-12

Altars:
Ashenzari
Cheibriados
Dithmenos
Elyvilon
Fedhas
Gozag
Kikubaaqudgha
Makhleb
Nemelex Xobeh
Okawaru
Pakellas
Qazlal
Ru
Sif Muna
Trog
Vehumet
Xom
Yredelemnul
Zin
The Shining One

Shops:
D:4 }}   D:7 ?   D:9 !


Innate Abilities, Weirdness & Mutations

You reflexively headbutt those who attack you in melee.
You have a pair of horns on your head.


Message History

* * * LOW HITPOINT WARNING * * *
You block the 12-headed hydra's attack. The 12-headed hydra bites you!
* * * LOW HITPOINT WARNING * * *
The 12-headed hydra barely misses you. x2
You block the 12-headed hydra's attack.
You are too injured to fight recklessly!
Unknown command.
You are too injured to fight recklessly!
Unknown command.
You are too injured to fight recklessly!
You lop one of the 12-headed hydra's heads off!
The 11-headed hydra grows two more!
You slash the 13-headed hydra!
The 13-headed hydra is almost dead.
You block the 13-headed hydra's attack. x2
The 13-headed hydra bites you but does no damage.
You block the 13-headed hydra's attack. The 13-headed hydra closely misses you.
The 13-headed hydra bites you!
* * * LOW HITPOINT WARNING * * *
You block the 13-headed hydra's attack. The 13-headed hydra bites you!
You die...

........#
........##.....♣.....≈≈.
.........#......≈≈..≈..≈
........P#....♣≈≈..≈≈.≈.
......####......≈.≈..≈.≈
†......# #.....≈..≈.≈.≈.
.......###....♣.≈≈.≈.≈.≈
...............≈.D.≈≈.≈.
................@≈≈..≈.≈
...........##.....≈≈.≈≈.
...........##...≈≈≈≈≈..≈
.......P...##.##..≈.≈≈≈.
...........##.##.♣≈...≈.
.......P.............≈.≈
.......#...#..##....♣♣..
.....##....##.##....# ..
#....###...##.##....#


You could see a 13-headed hydra.

Vanquished Creatures
  The ghost of Finwe the Protected, a journeyman FoFi of Okawaru (Lair:1)
  An unseen horror (D:9)
  A black mamba (Lair:1)
  A spiny frog (Lair:1)
  Psyche (D:8)
  2 komodo dragons (Lair:1)
  Prince Ribbit (D:8)
  A wyvern (D:7)
  5 yaks (Lair:1)
  A hippogriff (D:7)
  2 basilisks (Lair:1)
  Edmund (D:6)
  Menkaure (D:6)
  A water moccasin (Lair:1)
  A porcupine (Lair:1)
  A sky beast (D:8)
  A phantom (D:8)
  An ogre (D:5)
  The ghost of Azzok the Cudgeler, an amateur MiFi (D:3)
  4 black bears
  A necrophage (D:6)
  2 centaurs
  4 giant frogs
  A big kobold (D:9)
  A gnoll sergeant (D:8)
  3 killer bees (D:9)
  A water moccasin skeleton (D:5)
  A troll skeleton (D:9)
  2 spriggan skeletons (D:9)
  3 crimson imps
  2 centaur zombies
  2 hounds
  A jelly (D:8)
  3 orc priests
  3 centaur skeletons (D:9)
  6 orc wizards
  Jessica (D:2)
  Ijyb (D:3)
  2 iguanas
  Natasha (D:4)
  3 worker ants
  11 sheep (Lair:1)
  A hound zombie (D:9)
  9 adders
  10 gnolls
  5 river rats (Lair:1)
  2 shadow imps
  2 oozes (D:5)
  2 adder zombies
  An adder skeleton (D:4)
  2 giant geckos
  29 orcs
  11 giant cockroaches
  7 hobgoblins
  9 jackals
  2 quokkas
  A ball python (D:5)
  15 bats
  A giant gecko zombie (D:8)
  2 giant newts (D:1)
  5 goblins
  11 kobolds
  6 rats
  A fungus (D:9)
218 creatures vanquished.

Vanquished Creatures (others)
  A fungus (Lair:1)
1 creature vanquished.

Grand Total: 219 creatures vanquished

Notes
Turn   | Place    | Note
--------------------------------------------------------------
     0 | D:1      | gorblad the Minotaur Fighter began the quest for the Orb.
     0 | D:1      | Reached XP level 1. HP: 19/19 MP: 0/0
   211 | D:1      | Reached XP level 2. HP: 21/27 MP: 1/1
   287 | D:1      | Reached skill level 4 in Shields
   359 | D:1      | Reached XP level 3. HP: 14/33 MP: 2/2
  1040 | D:2      | You fall through a shaft for 2 floors!
  1040 | D:4      | Found Roguv's Gadget Shop.
  1111 | D:4      | Reached skill level 1 in Dodging
  1111 | D:4      | Reached XP level 4. HP: 29/40 MP: 3/3
  1445 | D:4      | Reached XP level 5. HP: 32/47 MP: 4/4
  1681 | D:4      | Found Ifuleirph's Gadget Boutique.
  1685 | D:4      | Noticed Natasha
  1691 | D:4      | Killed Natasha
  1821 | D:4      | Reached skill level 1 in Long Blades
  2014 | D:3      | Noticed Azzok's ghost (amateur MiFi)
  2028 | D:3      | Killed Azzok's ghost
  2028 | D:3      | Reached skill level 5 in Armour
  2028 | D:3      | Reached skill level 5 in Shields
  2028 | D:3      | Reached XP level 6. HP: 50/53 MP: 5/5
  2278 | D:3      | Noticed Ijyb
  2285 | D:3      | Killed Ijyb
  2502 | D:3      | Found a stormy altar of Qazlal.
  3023 | D:2      | Noticed Jessica
  3029 | D:2      | Killed Jessica
  3425 | D:5      | Entered Level 5 of the Dungeon
  3490 | D:5      | Got a pitted chain mail
  3502 | D:5      | Identified the +8 chain mail of the Storm King {rC+ Str+7 Int-3 SInv} (You found it on level 5 of the Dungeon)
  3551 | D:5      | Identified the Guide on Aerial Arcane Weapons
  3570 | D:5      | Reached skill level 5 in Fighting
  3584 | D:5      | Reached XP level 7. HP: 57/61 MP: 6/6
  3601 | D:5      | Reached skill level 6 in Shields
  3660 | D:5      | Found a shimmering altar of Xom.
  3660 | D:5      | Found a shimmering altar of Xom.
  3661 | D:5      | Found a shimmering altar of Xom.
  3703 | D:5      | Found a burning altar of Makhleb.
  4236 | D:6      | Noticed Edmund
  4247 | D:6      | Killed Edmund
  4358 | D:6      | Found a shattered altar of Ashenzari.
  4499 | D:6      | Found a sparkling altar of Nemelex Xobeh.
  4590 | D:6      | Noticed Menkaure
  4596 | D:6      | Killed Menkaure
  4596 | D:6      | Reached skill level 5 in Long Blades
  4596 | D:6      | Reached skill level 7 in Shields
  4596 | D:6      | Reached XP level 8. HP: 69/69 MP: 7/7
  5056 | D:7      | Found Sietteim's Magic Scroll Shop.
  5069 | D:7      | Bought a scroll of identify for 24 gold pieces
  5069 | D:7      | Bought a scroll of identify for 24 gold pieces
  5458 | D:7      | Reached skill level 8 in Shields
  5503 | D:7      | Found a staircase to the Ecumenical Temple.
  5522 | Temple   | Entered the Ecumenical Temple
  5657 | Temple   | Became a worshipper of Elyvilon the Healer
  5898 | D:8      | Reached XP level 9. HP: 75/75 MP: 8/8
  6194 | D:8      | Noticed Prince Ribbit
  6204 | D:8      | Killed Prince Ribbit
  6388 | D:8      | Noticed Psyche
  6399 | D:8      | Killed Psyche
  6399 | D:8      | Reached skill level 9 in Shields
  6400 | D:8      | Reached * piety under Elyvilon
  6796 | D:9      | Found a bloodstained altar of Trog.
  6802 | D:9      | Reached skill level 5 in Dodging
  6913 | D:9      | Noticed an unseen horror
  6934 | D:9      | Killed an unseen horror
  6934 | D:9      | Reached skill level 10 in Shields
  6934 | D:9      | Reached XP level 10. HP: 82/86 MP: 9/9
  7260 | D:9      | Found a staircase to the Lair.
  7271 | D:9      | Found Wibeva Emeis's Distillery.
  7308 | Lair:1   | Entered Level 1 of the Lair of Beasts
  7549 | Lair:1   | Noticed a black mamba
  7571 | Lair:1   | Killed a black mamba
  7588 | Lair:1   | Reached skill level 10 in Long Blades
  7605 | Lair:1   | Reached skill level 11 in Shields
  7654 | Lair:1   | Reached ** piety under Elyvilon
  7752 | Lair:1   | Noticed Finwe's ghost (journeyman FoFi)
  7797 | Lair:1   | Killed Finwe's ghost
  7922 | Lair:1   | Noticed a spiny frog
  7936 | Lair:1   | Killed a spiny frog
  8049 | Lair:1   | Noticed a five-headed hydra
  8063 | Lair:1   | HP: 2/88 [13-headed hydra (9)]
  8063 | Lair:1   | Mangled by a 13-headed hydra

Vault maps used:
D:1:      nagdon_arrival_zigzag_paths
D:2:      kennysheep_nub, uniq_jessica
D:3:      nicolae_qazlal_eye_of_the_storm, serial_curves, eino_curves_03,
          eino_curves_03, nrook_mini_vaults, uniq_iyjb
D:4:      first_bread, serial_shops, shop_coins, nicolae_shop_trees,
          uniq_natasha
D:5:      lemuel_crystal_altar, xom_redecorated
D:6:      lemuel_upstairs_altar, nemelex_deck, kennysheep_mini, uniq_menkaure,
          uniq_edmund
D:7:      temple_green, serial_shops, shop
D:8:      uniq_psyche, uniq_prince_ribbit1
D:9:      dpeg_oklobed_lair, serial_shops, shop, hangedman_tell_no_tales,
          trog_ov_bears_minmay
Temple:   lightli_temple_of_artemis
Lair:1:   nicolae_quartered_pool_super, lemuel_fruit_fields

Action                   |  1- 3 |  4- 6 |  7- 9 | 10-12 || total
-------------------------+-------+-------+-------+-------++-------
Melee: War axe           |    97 |    23 |       |       ||   120
       Long sword        |       |   147 |   229 |   201 ||   577
  Use: Scroll            |     6 |    11 |     6 |     6 ||    29
       Potion            |       |       |       |     8 ||     8
  Eat: Chunk             |     1 |     8 |    11 |     4 ||    24
